 Dungeon Crawl Stone Soup version 0.32-a0-422-g28b100f618 (webtiles) character file.

Game seed: 17632202815935788169

1299 Bravepunisher the Changeling (level 8, -3/42 HPs)
             Began as a Spriggan Shapeshifter on Feb 21, 2024.
             Was a Believer of Okawaru.
             Slain by a kobold brigand
             ... wielding a +0 club
              (8 damage)
             ... on level 7 of the Dungeon.
             The game lasted 00:16:41 (4642 turns).

Bravepunisher the Changeling (SpSh)                 Turns: 4642, Time: 00:16:46

Health: -3/42      AC:  2    Str: 20    XL:     8   Next: 31%
Magic:  13/13      EV: 20    Int: 12    God:    Okawaru [**....]
Gold:   340        SH:  0    Dex: 14    Spells: 7/7 levels left

rFire   + .          .
                       - Unarmed
rCold   . . .        (no shield)
rNeg    . . .        a - +0 animal skin
rPois   .            (helmet currently unavailable)
rElec   .            (cloak currently unavailable)
rCorr   .            (gloves unavailable)
SInv    +            (boots unavailable)
Will    +....        k - amulet "Jydghel" {Regen+ Str+2}
Stlth   +            i - +6 ring of strength
HPRegen 1.07/turn    q - ring of protection from fire
MPRegen 0.13/turn

%: no passive effects
@: beast-form, slowed, quick
A: beast (slay +3), very small, no large weapons, unfitting armour, see
invisible, speed 3
a: Begin Untransformation, Renounce Religion, Heroism


You were on level 7 of the Dungeon.
You worshipped Okawaru.
Okawaru was pleased with you.
You were a hulking beast.
You visited 2 branches of the dungeon, and saw 8 of its levels.
You also visited: Sewer.

You collected 340 gold pieces.

Inventory:

Armour
 a - a +0 animal skin (worn)
Jewellery
 i - a +6 ring of strength (left hand)
 k - the amulet "Jydghel" (around neck) {Regen+ Str+2}
   (You found it on level 3 of the Dungeon)

   [amulet of regeneration]

   Str+2:     It affects your strength (+2).
   Regen+:    It increases your rate of health regeneration.
 q - a ring of protection from fire (right hand)
Talismans
 c - a beast talisman (active)
 d - a flux talisman
 l - a talisman of death
Wands
 v - a wand of flame (9)
Scrolls
 e - 7 scrolls of identify {unknown}
 g - a scroll of silence {unknown}
 j - 3 scrolls of fear {unknown}
 m - 4 scrolls of teleportation
 n - 3 scrolls of vulnerability {unknown}
 o - a scroll of summoning {unknown}
 p - a scroll of revelation {unknown}
 s - a scroll of enchant armour {unknown}
 t - a scroll of fog {unknown}
 u - a scroll of immolation {unknown}
 w - a scroll of noise {unknown}
Potions
 b - 3 potions of lignification
 f - 3 potions of curing {unknown}
 h - 5 potions of enlightenment
 r - a potion of haste {unknown}


   Skills:
 + Level 3.7 Fighting
 + Level 6.5 Dodging
 - Level 2.6 Unarmed Combat
 * Level 6.0 Invocations
 + Level 6.7 Shapeshifting


You had 7 spell levels left.
You didn't know any spells.
Your spell library contained the following spells:

 Spells                   Type           Power      Damage    Failure   Level
 Blink                    Tloc           0%         N/A       45%         2
 Lesser Beckoning         Tloc           0%         N/A       45%         2
 Momentum Strike          Conj/Tloc      0%         3d8       45%         2
 Dazzling Flash           Conj/Hex       0%         N/A       69%         3
 Volatile Blastmotes      Fire/Tloc      0%         2d10      69%         3
 Fulminant Prism          Conj/Alch      0%         3d5       97%         4
 Iskenderun's Mystic Bla  Conj/Tloc      0%         2d3       97%         4
 Borgnjor's Vile Clutch   Necr/Erth      0%         N/A       100%        5
 Starburst                Conj/Fire      0%         6d3       100%        6
 Maxwell's Capacitive Co  Air            0%         ∞         100%        8
 Animate Dead             Necr           Unusable   N/A       N/A         4
 Death Channel            Necr           Unusable   N/A       N/A         6

Dungeon Overview and Level Annotations

Branches:
Dungeon (7/15)             Temple (1/1) D:5           Sewer (visited)

Altars:
Ashenzari
Cheibriados
Dithmenos
Elyvilon
Fedhas
Gozag
Hepliaklqana
Kikubaaqudgha
Makhleb
Nemelex Xobeh
Okawaru
Qazlal
Ru
Sif Muna
Trog
Uskayaw
Vehumet
Wu Jian
Xom
Yredelemnul
Zin
The Shining One

Shops:
D:6 [   D:7 :

Annotations:
D:6 exclusions: plant and 1 more exclusion


Innate Abilities, Weirdness & Mutations

You are a hulking beast.
Your limbs bulge with bestial killing power. (Slay +3)
You are very small and have problems with some larger weapons.
You are too small for most types of armour.
You have supernaturally acute eyesight. (SInv)
You cover ground extremely quickly. (Speed+++)


Message History

You hit the kobold.
The kobold is heavily wounded.
The kobold hits you but does no damage.
You punch the kobold!
You kill the kobold!
Okawaru accepts your kill.
The kobold brigand throws a curare-tipped dart.
The curare-tipped dart hits you.
You are poisoned.
You have difficulty breathing.
You feel yourself slow down. 2 kobolds come into view.
A kobold is wielding a +1 short sword of holy wrath.
You feel very sick.
The kobold shouts!
The kobold brigand hits you with a +0 club.
You see here a +0 club.
You closely miss the kobold brigand.
You feel sick. The kobold brigand closely misses you.
The kobold brigand misses you.
The kobold shouts! x2
You punch the kobold brigand!
The kobold brigand is moderately wounded.
You feel sick.
The kobold brigand hits you with a +0 club.
You hit the kobold brigand.
The kobold brigand is heavily wounded.
You feel sick. The kobold brigand closely misses you.
The kobold brigand hits you with a +0 club!
* * * LOW HITPOINT WARNING * * *
You closely miss the kobold brigand.
The kobold brigand is heavily wounded.
You feel sick.
The kobold brigand completely misses you.
You hit the kobold brigand.
The kobold brigand is severely wounded.
You feel sick.
You are no longer poisoned.
The kobold brigand hits you with a +0 club!
* * * LOW HITPOINT WARNING * * *
The kobold brigand hits you with a +0 club!
You die...

.....ß...ß.......... .# .
##..................##.##K#
.......>...ß(...:.# ......#
##..........<....###...$..#
####ß...∩...ß............#
#.............##...#
#..ß...<..)......#.###
#.........####.Y.......
#....ß...ß..hK#........
......#######..........
...#.. ###........ .....#
#..#...!. ..... #.#......
.... ....###.. .###


You could see an ice beast and a kobold brigand.

Vanquished Creatures
  A sky beast (D:6)
  An ice beast (D:6)
  2 crocodiles (Sewer)
  2 phantoms (D:5)
  2 scorpions
  2 electric eels (D:6)
  A bombardier beetle (D:3)
  A hound (D:5)
  An iguana (D:5)
  Natasha (twice) (D:3)
  A sickly merfolk siren (Sewer)
  A malarious merfolk avatar (Sewer)
  3 gnolls (D:6)
  14 adders
  2 river rats (Sewer)
  A shadow imp (D:5)
  4 ufetubi
  A ribbon worm (D:2)
  5 dart slugs
  8 orcs
  2 endoplasms
  6 giant cockroaches
  5 goblins
  5 hobgoblins
  4 jackals (D:5)
  A quokka (D:1)
  15 ball pythons
  2 bats
  9 frilled lizards
  10 kobolds
  29 rats
143 creatures vanquished.

Notes
Turn   | Place    | Note
-------+----------+-------------------------------------------
     0 | D:1      | Bravepunisher the Spriggan Shapeshifter began the quest for
                  | the Orb.
     0 | D:1      | Reached XP level 1. HP: 9/9 MP: 2/2
    36 | D:2      | Found Xirahy's Distillery.
   288 | D:3      | Reached skill level 1 in Fighting
   288 | D:3      | Reached XP level 2. HP: 13/14 MP: 3/3
   330 | D:3      | Identified the amulet "Jydghel" {Regen+ Str+2}
   421 | D:3      | Found a stormy altar of Qazlal.
   426 | D:3      | Found an iron altar of Okawaru.
   432 | D:3      | Became a worshipper of Warmaster Okawaru
   487 | D:3      | Found a snail-covered altar of Cheibriados.
   493 | D:3      | Found a bloodstained altar of Trog.
   498 | D:3      | Found a burning altar of Makhleb.
   504 | D:3      | Found a basalt altar of Yredelemnul.
   512 | D:3      | Found a hide-covered altar of Uskayaw.
   519 | D:3      | Noticed a bombardier beetle
   621 | D:1      | Reached XP level 3. HP: 15/18 MP: 4/4
   675 | D:1      | Reached skill level 1 in Invocations
  1033 | D:1      | Reached XP level 4. HP: 21/22 MP: 6/6
  1506 | D:2      | Found a blossoming altar of Fedhas.
  1992 | D:3      | Noticed Natasha
  2000 | D:3      | Killed Natasha
  2001 | D:3      | Reached XP level 5. HP: 11/26 MP: 7/7
  2217 | D:3      | Reached skill level 5 in Shapeshifting
  2256 | D:3      | Noticed Natasha
  2267 | D:3      | Killed Natasha
  2393 | D:4      | Reached XP level 6. HP: 30/30 MP: 9/9
  2763 | D:5      | Entered Level 5 of the Dungeon
  2788 | D:5      | Reached * piety under Okawaru
  2809 | D:5      | Reached skill level 5 in Dodging
  2893 | D:5      | Reached XP level 7. HP: 14/35 MP: 11/11
  2894 | D:5      | Noticed a shadow
  2967 | D:5      | Found a staircase to the Ecumenical Temple.
  3002 | Temple   | Entered the Ecumenical Temple
  3173 | D:6      | You fall into a shaft and drop 1 floor!
  3200 | D:7      | Found Utuleigi's Book Emporium.
  3385 | D:6      | Found a glowing drain.
  3398 | Sewer    | Entered a sewer
  3591 | Sewer    | Reached skill level 5 in Invocations
  3861 | Sewer    | Reached ** piety under Okawaru
  3862 | Sewer    | Reached XP level 8. HP: 26/40 MP: 13/13
  4206 | D:6      | Found Ogor's Armour Shop.
  4642 | D:7      | Slain by a kobold brigand

Illustrated notes

Levels and vault maps discovered:
D:1:      minmay_arrival_up_and_down, layout_loops_cross
D:2:      layout_loops_ring, basic_altar, serial_shops,
          nicolae_shop_real_fake_doors, dk_noncrumbling_4, minmay_tetromino_i4
D:3:      layout_loops_ring, grunt_temple_overflow_octagram,
          amcnicky_mini_pool_small, uniq_natasha
D:4:      layout_rooms, chequers_serial_rivers_micro_a
D:5:      minmay_polygon_palace, layout_gridville, minmay_temple_entry_junction,
          uniq_prince_ribbit1, uniq_crazy_yiuf_cottage
D:6:      layout_loops_ring, portal_sewer_entry_a, serial_shops,
          nicolae_stop_n_shop_1, enter_ossuary_3, serial_bayou,
          serial_bayou_lagoon_a, serial_bayou_pond_e, serial_bayou_crossing,
          serial_bayou_shore_b, serial_bayou_lagoon_b, roderic_roman_lattice,
          minmay_misc_feat_enclosed
D:7:      layout_rooms, serial_shops, nicolae_stop_n_shop_1,
          dreamdust_princess_corridor, kennysheep_generic_room_12
Temple:   eino_wide_crystal_templ

Skill      XL: |  1  2  3  4  5  6  7  8 |
---------------+-------------------------+-----
Fighting       | 1 2 3 |  3.7
Dodging        | 3 4 5 6 |  6.5
Invocations    | 1 2 3 4 5 6 |  6.0
Shapeshifting  | 5 6 |  6.7
Unarmed Combat | |  2.6

Action                     |  1- 3 |  4- 6 |  7- 9 || total
---------------------------+-------+-------+-------++-------
  Melee: Unarmed           |    94 |   182 |   271 ||   547
         Punch             |     4 |     4 |     4 ||    12
 Invoke: Heroism           |       |       |     1 ||     1
Ability: Begin Untransform |     1 |       |       ||     1
  Evoke: Wand              |       |       |    13 ||    13
   Stab: Sleeping          |     1 |     2 |     1 ||     4
 Armour: Animal skin       |    26 |    47 |    70 ||   143
  Dodge: Dodged            |    68 |   121 |   245 ||   434
   Form: Beast             |     1 |       |       ||     1

Table legend: (Time is in decaauts)
 A = Elapsed time spent in this place.
 B = Non-inter-level travel time spent in this place.
 C = Inter-level travel time spent in this place.
 D = Time resting spent in this place.
 E = Time spent auto-exploring this place.
 F = Levels seen in this place.
 G = Mean time per level.
                   A        B        C        D        E       F      G
               +--------+--------+--------+--------+--------+-----+--------+
         Total |   3352 |   3267 |     85 |    279 |   1785 |   9 |  372.4 |
       Dungeon |   2748 |   2663 |     85 |    165 |   1599 |   7 |  392.6 |
        Temple |      1 |      1 |      0 |      0 |      0 |   1 |    1.0 |
         Sewer |    602 |    602 |      0 |    113 |    186 |   1 |  602.0 |
               +--------+--------+--------+--------+--------+-----+--------+

Top non-repeatable levels by time:
     D:3: 637 daAuts
   Sewer: 602 daAuts
     D:6: 599 daAuts
     D:1: 545 daAuts
     D:2: 410 daAuts
     D:4: 282 daAuts
     D:5: 226 daAuts
     D:7: 45 daAuts
  Temple: 1 daAuts
